 Dungeon Crawl Stone Soup version 0.29.1-15-g9cfb28693d (webtiles) character file.

Game seed: 4266543842239785783

21 Arctor the Firebug (level 2, 0/15 HPs)
             Began as a Deep Elf Fire Elementalist on Feb 26, 2023.
             Succumbed to an adder's poison
             ... on level 2 of the Dungeon.
             The game lasted 00:01:27 (1581 turns).

Arctor the Firebug (Deep Elf Fire Elementalist)     Turns: 1581, Time: 00:01:27

Health: 0/15       AC:  2    Str:  5    XL:     2   Next: 65%
Magic:  8/8        EV: 13    Int: 19    God:
Gold:   83         SH:  0    Dex: 15    Spells: 6/7 levels left

rFire   . . .      SeeInvis .   g - +2 short sword (elec)
rCold   . . .      Faith    .   (no shield)
rNeg    . . .      Spirit   .   a - +0 robe
rPois   .          Reflect  .   (no helmet)
rElec   .          Harm     .   (no cloak)
rCorr   .          Rampage  .   (no gloves)
Will    .....                   (no boots)
Stlth   ++........              (no amulet)
HPRegen 0.05/turn               (no ring)
MPRegen 0.11/turn               (no ring)

@: lethally poisoned (0 -> -3)
A: no striking features
a: no special abilities


You were on level 2 of the Dungeon.
You visited 1 branch of the dungeon, and saw 2 of its levels.

You collected 83 gold pieces.

Inventory:

Hand Weapons
 g - a +2 short sword of electrocution (weapon)
Armour
 a - a +0 robe (worn)
Scrolls
 c - a scroll of identify
 e - a scroll of poison
Potions
 b - a potion of magic
 d - 3 potions of degeneration {unknown}
 f - a potion of curing {unknown}


   Skills:
 + Level 2.8 Dodging
 + Level 2.8 Stealth
 + Level 3.3 Spellcasting
 + Level 1.6 Conjurations
 + Level 3.5 Fire Magic


You had 6 spell levels left.
You knew the following spells:

 Your Spells              Type           Power      Damage    Failure   Level
a - Foxfire               Conj/Fire      48%        2x1d6     5%          1

Your spell library contained the following spells:

 Spells                   Type           Power      Damage    Failure   Level
 Scorch                   Fire           32%        2d7       5%          2
 Slow                     Hex            12%        N/A       14%         1
 Conjure Flame            Conj/Fire      12%        6-21      16%         3
 Inner Flame              Hex/Fire       9%         N/A       22%         3
 Confusing Touch          Hex            3%         N/A       41%         3
 Vampiric Draining        Necr           3%         2d6       41%         3
 Flame Wave               Conj/Fire      12%        2d6       45%         4


Dungeon Overview and Level Annotations

Branches:
Dungeon (2/15)

Altars:


Message History

A goblin comes into view. It is wielding a +0 club.
Found a hand axe.
A goblin is nearby!
An adder and a hobgoblin come into view.
Found a leather armour.
The hobgoblin shouts!
The goblin shouts!
You hear an angry hiss.
An adder comes into view.
An endoplasm comes into view.
The goblin unwields a +0 club.
The goblin wields a +0 sling.
The goblin shoots a sling bullet.
The sling bullet completely misses you.
Found a whip.
The endoplasm quivers.
The hobgoblin barely misses you.
You closely miss the adder. The hobgoblin closely misses you.
The adder bites you.
The adder hisses angrily.
You hit the adder.
The adder is lightly wounded.
The hobgoblin barely misses you. The adder barely misses you.
You miss the adder.
The adder is lightly wounded.
The adder bites you. The hobgoblin misses you.
The goblin unwields a +0 sling.
The goblin wields a +0 club.
The goblin completely misses you. The adder bites you but does no damage.
The hobgoblin barely misses you.
Unknown command.
The adder attacks as you move away! The adder bites you.
The adder attacks as you move away! The adder barely misses you.
The hobgoblin attacks as you move away! The hobgoblin barely misses you.
A dart slug comes into view.
The adder attacks as you move away! The adder completely misses you.
The adder attacks as you move away! The adder bites you.
You are poisoned.
The adder poisons you!
You feel sick. The adder bites you but does no damage. The adder bites you.
* * * LOW HITPOINT WARNING * * *
* * * LOW HITPOINT WARNING * * *
You feel sick.
As you read the scroll labelled QATTIA EDOKHE, it crumbles to dust.
It is a scroll of identify.
e - a scroll of poison You die...

... .#### ... ...#
...) ##<##### .....
#......#
.....###......#
..........S...#
.....#.ggJS@..#####
..w.)...###......<#
..###...# #.#######
#...# #.# #...# #.#
#...# #.# #...# #.#
#[... ..# #..## ...


You could see 2 adders, an endoplasm, a hobgoblin and a goblin.

Vanquished Creatures
  A dart slug (D:1)
  4 ball pythons (D:1)
  2 bats (D:1)
  3 endoplasms (D:1)
  2 giant cockroaches (D:1)
  3 frilled lizards (D:1)
  2 kobolds (D:1)
  2 rats (D:1)
19 creatures vanquished.

Vanquished Creatures (others)
  111 foxfires
111 creatures vanquished.

Grand Total: 130 creatures vanquished

Notes
Turn   | Place    | Note
-------+----------+-------------------------------------------
     0 | D:1      | Arctor the Deep Elf Fire Elementalist began the quest for
                  | the Orb.
     0 | D:1      | Reached XP level 1. HP: 10/10 MP: 6/6
   177 | D:1      | Found a faded altar of an unknown god.
   250 | D:1      | Reached XP level 2. HP: 15/15 MP: 1/8
  1581 | D:2      | Succumbed to an adder's poison

Illustrated notes

Levels and vault maps discovered:
D:1:      co_arrival_random_square_maze, layout_basic,
          hellmonk_ecumenical_altar_crossroads
D:2:      layout_basic, nicolae_eternal_life, kennysheep_generic_room_14,
          uniq_natasha

Action                   || total
-------------------------++-------
Melee: Short sword       ||     3
       Unarmed           ||     2
 Cast: Foxfire           ||    77
  Use: Scroll            ||     1
 Stab: Sleeping          ||     1
Armor: Robe              ||     3
Dodge: Dodged            ||    14
